 Dungeon Crawl Stone Soup version 0.28-a0-1510-gd0f6b136d3 (webtiles) character file.

Game seed: 17632960794116488367

71 a3don the Vexing (level 4, -1/44 HPs)
             Began as an Ogre Arcane Marksman on Jan 16, 2022.
             Slain by a quokka (2 damage)
             ... on level 3 of the Dungeon.
             The game lasted 00:03:58 (2293 turns).

a3don the Vexing (Ogre Arcane Marksman)             Turns: 2293, Time: 00:03:58

Health: -1/44      AC:  3    Str: 20    XL:     4   Next: 24%
Magic:  7/7        EV: 10    Int: 16    God:
Gold:   50         SH:  0    Dex:  9    Spells: 2/7 levels left

rFire   . . .      SeeInvis .   a - +0 club
rCold   . . .      Faith    .   (no shield)
rNeg    . . .      Spirit   .   e - +0 robe
rPois   .          Reflect  .   (helmet restricted)
rElec   .          Harm     .   (no cloak)
rCorr   .          Rampage  .   (gloves unavailable)
Will    .....                   (boots unavailable)
Stlth   +.........              (no amulet)
HPRegen 0.14/turn               i - +6 ring of strength
MPRegen 0.10/turn               (no ring)

@: lethally poisoned (-1 -> -2)
A: large, unfitting armour, tough skin 1
a: no special abilities


You were on level 3 of the Dungeon.
You visited 1 branch of the dungeon, and saw 3 of its levels.

You collected 50 gold pieces.

Inventory:

Hand Weapons
 a - a +0 club (weapon)
 b - a +0 hunting sling
Missiles
 c - 2 throwing nets
 l - 17 stones
 o - 4 large rocks (quivered)
Armour
 e - a +0 robe (worn)
Jewellery
 i - a +6 ring of strength (left hand)
Scrolls
 g - 3 scrolls of magic mapping {unknown}
 h - a scroll of enchant armour {unknown}
 j - a scroll of teleportation {unknown}
 p - a scroll of noise {unknown}
Potions
 d - 2 potions of lignification {unknown}
 f - 2 potions of curing {unknown}
 k - a potion of haste {unknown}
 m - 2 potions of attraction {unknown}
 n - a potion of degeneration {unknown}


   Skills:
 + Level 2.4 Fighting
 + Level 0.0(1.0) Slings
 + Level 2.5 Throwing
 + Level 2.2 Dodging
 + Level 2.1 Spellcasting
 + Level 3.0 Hexes
 * Level 1.0 Translocations


You had 2 spell levels left.
You knew the following spells:

 Your Spells              Type           Power      Damage    Failure   Level
a - Slow                  Hex            44%        N/A       6%          1
b - Portal Projectile     Hex/Tloc       16%        N/A       26%         3
c - Sandblast             Erth           2%         2d4       21%         1

Your spell library contained the following spells:

 Spells                   Type           Power      Damage    Failure   Level
 Passwall                 Tmut/Erth      0%         N/A       30%         2
 Inner Flame              Hex/Fire       6%         N/A       32%         3
 Cause Fear               Hex            5%         N/A       50%         4
 Stone Arrow              Conj/Erth      2%         3d7       52%         3


Dungeon Overview and Level Annotations

Branches:
Dungeon (3/15)

Altars:
The Shining One


Innate Abilities, Weirdness & Mutations

You are too large for most types of armour.
You have tough skin. (AC +1)


Message History

You are too injured to fight recklessly!
You are too injured to fight recklessly!
You are too injured to fight recklessly!
You barely miss the adder.
The adder is severely wounded.
You feel very sick. The adder barely misses you.
You miss the adder.
The adder is severely wounded.
You feel sick. The adder bites you but does no damage.
You hit the adder.
The adder is severely wounded.
You feel sick. The adder barely misses you.
You miss the adder.
The adder is severely wounded.
You feel sick. The adder misses you.
You miss the adder.
The adder is severely wounded.
You feel sick. The adder bites you.
* * * LOW HITPOINT WARNING * * *
You are more poisoned.
The adder poisons you!
You miss the adder.
The adder is severely wounded.
You feel sick. The adder bites you but does no damage.
The adder barely misses you.
You hit the adder.
You kill the adder!
You feel sick.
You closely miss the quokka.
You feel sick. The quokka misses you. The quokka bites you.
* * * LOW HITPOINT WARNING * * *
You completely miss the quokka.
* * * LOW HITPOINT WARNING * * *
You feel sick. The quokka bites you.
* * * LOW HITPOINT WARNING * * *
You hit the quokka but do no damage.
* * * LOW HITPOINT WARNING * * *
You feel sick. The quokka bites you.
You die...

#.. #.. #..## #(... ..(.
# #.. # .# #r####.... .#
.. ##@.....# .# #.
##.####..# ..#
#.#.#####..### ..#
#....##.....# ...##.
####.##.....##......
##.######.#.>............
.................<.......
#########.##.....##..####
#.#..#..###..#


You could see a quokka.

Vanquished Creatures
  3 adders
  2 worms (D:2)
  2 dart slugs (D:1)
  5 ball pythons
  3 endoplasms
  2 giant cockroaches (D:2)
  4 goblins
  3 hobgoblins
  2 quokkas (D:1)
  3 bats
  2 kobolds (D:1)
  3 rats
  A spectral kobold (D:1)
35 creatures vanquished.

Notes
Turn   | Place    | Note
-------+----------+-------------------------------------------
     0 | D:1      | a3don the Ogre Arcane Marksman began the quest for the Orb.
     0 | D:1      | Reached XP level 1. HP: 19/19 MP: 2/2
   470 | D:1      | Found a faded altar of an unknown god.
   490 | D:1      | Reached XP level 2. HP: 23/28 MP: 4/4
  1176 | D:2      | Reached XP level 3. HP: 35/35 MP: 5/5
  1180 | D:2      | Learned a level 3 spell: Portal Projectile
  1201 | D:2      | Found a glowing golden altar of the Shining One.
  1428 | D:2      | Reached skill level 3 in Hexes
  1518 | D:2      | Learned a level 1 spell: Sandblast
  2018 | D:2      | Reached XP level 4. HP: 38/44 MP: 5/7
  2259 | D:3      | Reached skill level 1 in Translocations
  2292 | D:3      | HP: 2/44 [quokka (2)]
  2293 | D:3      | Slain by a quokka

Illustrated notes

Levels and vault maps discovered:
D:1:      matt_arrival_spirals, layout_loops_ring,
          dreamdust_ecumenical_altar_drowned_temple
D:2:      layout_basic, basic_altar
D:3:      layout_loops_ring

Skill      XL: |  1  2  3  4 |
---------------+-------------+-----
Dodging        | 2 |  2.2
Fighting       | 2 |  2.4
Hexes          | 3 |  3.0
Spellcasting   | 2 |  2.1
Translocations | 1 |  1.0
Throwing       | |  2.5

Action                   |  1- 3 |  4- 6 || total
-------------------------+-------+-------++-------
Melee: Club              |   128 |    26 ||   154
       Unarmed           |     8 |       ||     8
       Punch             |     3 |       ||     3
 Fire: Hunting sling     |       |    13 ||    13
 Cast: Slow              |     6 |     2 ||     8
 Stab: Sleeping          |     1 |       ||     1
Armor: Robe              |    40 |    13 ||    53
Dodge: Dodged            |    85 |    18 ||   103

Table legend: (Time is in decaauts)
 A = Elapsed time spent in this place.
 B = Non-inter-level travel time spent in this place.
 C = Inter-level travel time spent in this place.
 D = Time resting spent in this place.
 E = Time spent auto-exploring this place.
 F = Levels seen in this place.
 G = Mean time per level.
                   A        B        C        D        E       F      G
               +--------+--------+--------+--------+--------+-----+--------+
         Total |   2345 |   2299 |     46 |    296 |   1592 |   3 |  781.7 |
       Dungeon |   2345 |   2299 |     46 |    296 |   1592 |   3 |  781.7 |
               +--------+--------+--------+--------+--------+-----+--------+

Top non-repeatable levels by time:
     D:1: 1170 daAuts
     D:2: 1119 daAuts
     D:3: 55 daAuts
